 Dungeon Sprint DCSS version 0.19.0-20-gbc5f0c6 (webtiles) character file.

3821 Groucho the Unseen (level 9, -8/41 HPs)
             Began as a Spriggan Assassin on Nov 16, 2016.
             Was a Priest of Lugonu.
             Mangled by a spriggan berserker
             ... wielding a +0 hand axe
              (25 damage)
             ... in the Dungeon (Sprint IV: "Fedhas' Mad Dash").
             The game lasted 00:10:47 (5665 turns).

Groucho the Unseen (Spriggan Assassin)              Turns: 5665, Time: 00:10:47

Health: -8/41      AC:  3    Str:  8    XL:     9   Next: 97%
Magic:  4/19       EV: 25    Int: 12    God:    Lugonu [***...]
Gold:   88         SH:  0    Dex: 20    Spells: 4 memorised, 1 level left

rFire  . . .     SeeInvis +     a - +2 dagger
rCold  . . .     Gourm    .     c - +0 robe
rNeg   . . .     Faith    .     (shield restricted)
rPois  .         Spirit   .     (helmet restricted)
rElec  .         Reflect  .     d - +0 cloak
rCorr  .         Harm     .     (gloves unavailable)
MR     +....     NoTele   +     (boots unavailable)
Stlth  +++++++...               n - amulet of invisibility {+Inv}
                                (no ring)
                                (no ring)

@: very quick
A: unfitting armour, see invisible, herbivore 3, speed 3, slow metabolism 2
a: Bend Space, Banish, Renounce Religion, Evoke Invisibility


You were in the Dungeon.
You worshipped Lugonu.
Lugonu was most pleased with you.
You were hungry.

You visited 1 branch You collected 198 gold pieces.
You spent 110 gold pieces at shops.

Inventory:

Hand Weapons
 a - a +2 dagger (weapon)
 b - a +0 blowgun
Missiles
 e - 14 poisoned needles
 f - 2 curare-tipped needles
 m - 85 stones (quivered)
Armour
 c - a +0 robe (worn)
 d - a +0 cloak (worn)
Jewellery
 n - the amulet of invisibility (around neck) {+Inv}
   (You found it in the Dungeon)

   [amulet of nothing]

   It lets you turn invisible.
Wands
 h - a wand of heal wounds (3/9)
Potions
 j - a potion of haste
 k - 2 potions of magic
Books
 i - a book of Air

   Spells                             Type                      Level
   a - Shock                          Conjuration/Air              1
   b - Swiftness                      Charms/Air                   2
   c - Repel Missiles                 Charms/Air                   2
   d - Static Discharge               Conjuration/Air              3
   e - Lightning Bolt                 Conjuration/Air              5
 l - a book of Minor Magic

   Spells                             Type                      Level
   a - Magic Dart                     Conjuration                  1
   b - Blink                          Translocation                2
   c - Call Imp                       Summoning                    2
   d - Repel Missiles                 Charms/Air                   2
   e - Slow                           Hexes                        2
   f - Conjure Flame                  Conjuration/Fire             3
   g - Mephitic Cloud                 Conjuration/Poison/Air       3
 o - the Catalogue of Glacial Air
   (You found it in the Dungeon)

   Spells                             Type                      Level
   a - Freeze                         Ice                          1
   b - Ensorcelled Hibernation        Hexes/Ice                    2
   c - Conjure Ball Lightning         Conjuration/Air              6
   d - Tornado                        Air                          9
Comestibles
 g - a royal jelly
 p - 2 bread rations


   Skills:
 - Level 1.5 Fighting
 - Level 9.0 Short Blades
 - Level 8.3 Throwing
 - Level 8.3 Dodging
 - Level 16.9 Stealth
 + Level 0.0 Spellcasting
 + Level 0.0 Hexes
 * Level 12.2 Invocations
 - Level 13.3 Evocations


You had one spell level left.
You knew the following spells:

 Your Spells              Type           Power        Failure   Level  Hunger
a - Magic Dart            Conj           #...         34%         1    ##.....
b - Ensorcelled Hibernat  Hex/Ice        #.....       52%         2    ###....
c - Repel Missiles        Chrm/Air       #.....       52%         2    ###....
d - Blink                 Tloc           N/A          52%         2    ###....


Dungeon Overview and Level Annotations

Branches:
Dungeon (1/1)

Altars:
Cheibriados
Dithmenos
Elyvilon
Gozag
Hepliaklqana
Kikubaaqudgha
Makhleb
Nemelex Xobeh
Okawaru
Qazlal
Ru
Sif Muna
Trog
Uskayaw
Vehumet
Xom
Yredelemnul
Zin
The Shining One
Beogh
Jiyva
Lugonu

Shops:
D *=%

Annotations:
D Agnes


Innate Abilities, Weirdness & Mutations

You are very small and have problems with some larger weapons.
You are too small for most types of armour.
You have supernaturally acute eyesight. (SInv)
You are a herbivore.
You cover ground extremely quickly.
You need consume almost no food.


Message History

The spriggan berserker resists with almost no effort.
You are feeling hungry.
The spriggan berserker hits you with a hand axe.
You don't have enough magic at the moment.
Unknown command.
Unknown command.
Agnes shouts, "I will kick you around like a rattan ball!"
The spriggan berserker utters an invocation to Trog.
The elephant goes berserk!
There is an open door, covered with mould here.
You hear a shout!
The spriggan berserker mumbles some strange prayers to Trog.
The spriggan berserker goes berserk!
You hear a trumpeting!
You hear a shout!
There is an open door here.
The spriggan berserker rages.
The spriggan berserker hits you with a hand axe!!
Ouch! That really hurt!
You die...

##########################
..#.....#.⌠._._._._.⌠.#.%+
..'.#...'.._._._._._..'..#
..#.#...#..._._._._...#..#
######'##.._._._._._..#..#
....'...#.⌠._._._._.⌠.###########
....#...###################.....(
♣..######♣♣♣♣♣..♣.###.'..'......[
#####.)'......♣.@♣##..#..#.P.....
.......#♣..♣♣♣.♣)i###.##i##.P....
.......#.♣♣..♣...♣'...#♣.♣#######
#######################.....#
#..♣.Y♣....# #.i.♣......♣..
...... ♣.....∩. ##### #########


You could see a spriggan berserker (berserk).

Vanquished Creatures
  A spriggan druid (D)
  5 oklob plants (D)
  A demonic crawler (D)
  A queen bee (D)
  4 killer bees (D)
  4 oklob saplings (D)
  A worker ant (D)
  A river rat (D)
  A rat (D)
  A ballistomycete (D)
  A ballistomycete spore (D)
21 creatures vanquished.

Vanquished Creatures (others)
  A spriggan rider (D)
  An oklob plant (D)
  A wandering mushroom (D)
  2 burning bushes (D)
  A spriggan (D)
  An oklob sapling (D)
  A ballistomycete (D)
  A ballistomycete spore (D)
9 creatures vanquished.

Grand Total: 30 creatures vanquished

Notes
Turn   | Place    | Note
-------+----------+-------------------------------------------
     0 | D        | Groucho the Spriggan Assassin began the quest for the Orb.
     0 | D        | Reached XP level 1. HP: 10/10 MP: 2/2
     6 | D        | Reached skill level 6 in Stealth
     6 | D        | Reached XP level 2. HP: 14/14 MP: 3/3
    19 | D        | Noticed an oklob sapling
    20 | D        | Killed an oklob sapling
    20 | D        | Reached skill level 7 in Stealth
    20 | D        | Reached XP level 3. HP: 18/18 MP: 4/4
   324 | D        | Reached skill level 5 in Dodging
   324 | D        | Reached skill level 8 in Stealth
   347 | D        | Found an opulent altar of Gozag.
   347 | D        | Found a hazy altar of Hepliaklqana.
   347 | D        | Found a roughly hewn altar of Beogh.
   347 | D        | Found a snail-covered altar of Cheibriados.
   348 | D        | Found a viscous altar of Jiyva.
   348 | D        | Found a burning altar of Makhleb.
   348 | D        | Found a sparkling altar of Nemelex Xobeh.
   348 | D        | Found a sacrificial altar of Ru.
   348 | D        | Found a deep blue altar of Sif Muna.
   348 | D        | Found a bloodstained altar of Trog.
   348 | D        | Found a shimmering altar of Xom.
   348 | D        | Found a basalt altar of Yredelemnul.
   348 | D        | Noticed an oklob sapling priest
   349 | D        | Found an iron altar of Okawaru.
   349 | D        | Found a shadowy altar of Dithmenos.
   349 | D        | Found a glowing silver altar of Zin.
   350 | D        | Found an ancient bone altar of Kikubaaqudgha.
   350 | D        | Found a hide-covered altar of Uskayaw.
   351 | D        | Found a stormy altar of Qazlal.
   351 | D        | Found a white marble altar of Elyvilon.
   351 | D        | Found a glowing golden altar of the Shining One.
   352 | D        | Found a corrupted altar of Lugonu.
   352 | D        | Found a radiant altar of Vehumet.
   355 | D        | Killed an oklob sapling priest
   355 | D        | Reached skill level 5 in Short Blades
   355 | D        | Reached skill level 9 in Stealth
   355 | D        | Reached XP level 4. HP: 22/22 MP: 2/7
   557 | D        | Became a worshipper of Lugonu the Unformed
   557 | D        | Reached * piety under Lugonu
   568 | D        | Reached skill level 5 in Throwing
   568 | D        | Reached XP level 5. HP: 25/25 MP: 5/8
   899 | D        | Noticed a queen bee
  1054 | D        | Reached ** piety under Lugonu
  1054 | D        | Reached skill level 10 in Stealth
  1071 | D        | Reached skill level 5 in Evocations
  1828 | D        | Reached skill level 1 in Invocations
  1828 | D        | Reached XP level 6. HP: 19/30 MP: 11/11
  2153 | D        | Killed a queen bee
  2153 | D        | Reached skill level 12 in Stealth
  2153 | D        | Reached XP level 7. HP: 17/33 MP: 11/13
  2716 | D        | Noticed an oklob plant
  2719 | D        | Killed an oklob plant
  2719 | D        | Reached *** piety under Lugonu
  2719 | D        | Reached skill level 13 in Stealth
  2719 | D        | Reached skill level 5 in Invocations
  2734 | D        | Noticed a burning bush
  2887 | D        | Banished a burning bush
  2887 | D        | Reached XP level 8. HP: 37/37 MP: 14/16
  3233 | D        | Noticed a burning bush
  3233 | D        | Noticed an oklob plant
  3467 | D        | Banished a burning bush
  3696 | D        | Banished an oklob plant
  3696 | D        | Reached skill level 14 in Stealth
  3696 | D        | Reached skill level 10 in Evocations
  3925 | D        | Noticed a wandering mushroom
  3927 | D        | Banished a wandering mushroom
  4199 | D        | Noticed a spriggan druid
  4201 | D        | Killed a spriggan druid
  4201 | D        | Reached skill level 15 in Stealth
  4201 | D        | Reached XP level 9. HP: 41/41 MP: 16/18
  4522 | D        | Noticed an oklob plant conjurer
  4523 | D        | Killed an oklob plant conjurer
  4523 | D        | Reached **** piety under Lugonu
  4523 | D        | Reached skill level 10 in Invocations
  4535 | D        | Learned a level 1 spell: Magic Dart
  4557 | D        | Noticed an oklob plant
  4558 | D        | Noticed an oklob plant shifter
  4558 | D        | Noticed an oklob plant summoner
  4562 | D        | Killed an oklob plant
  4562 | D        | Reached skill level 16 in Stealth
  4564 | D        | Killed an oklob plant summoner
  4567 | D        | Killed an oklob plant shifter
  5111 | D        | Noticed a demonic crawler
  5113 | D        | Killed a demonic crawler
  5115 | D        | Noticed a spriggan rider
  5119 | D        | Banished a spriggan rider
  5559 | D        | Noticed Agnes
  5571 | D        | Found Ixoig's Jewellery Emporium.
  5575 | D        | Found Jeofiacu's Food Shoppe.
  5581 | D        | Identified the Catalogue of Glacial Air
  5586 | D        | Learned a level 2 spell: Ensorcelled Hibernation
  5589 | D        | Learned a level 2 spell: Repel Missiles
  5592 | D        | Learned a level 2 spell: Blink
  5601 | D        | Bought a bread ration for 55 gold pieces
  5601 | D        | Bought a bread ration for 55 gold pieces
  5646 | D        | Found Akobe's General Store.
  5646 | D        | Noticed a spriggan berserker
  5656 | D        | Noticed an elephant
  5665 | D        | Mangled by a spriggan berserker

Skill      XL: |  1  2  3  4  5  6  7  8  9 |
---------------+----------------------------+-----
Short Blades   | 3 5 6 7 9 |  9.0
Dodging        | 3 4 6 8 |  8.3
Stealth        | 6 7 9 10 12 13 15 16 | 16.9
Throwing       | 3 4 5 6 7 8 |  8.3
Evocations     | 2 3 5 7 9 11 13 | 13.3
Invocations    | 1 3 6 9 12 | 12.2
Fighting       | |  1.5

Action                   |  1- 3 |  4- 6 |  7- 9 || total
-------------------------+-------+-------+-------++-------
Melee: Dagger            |     3 |    23 |    48 ||    74
 Fire: Blowgun           |     2 |    13 |       ||    15
 Cast: Magic Dart        |       |       |     1 ||     1
Invok: Banish            |       |       |    16 ||    16
       Bend Space        |       |       |     1 ||     1
 Abil: Evoke Invisibilit |     1 |     3 |     2 ||     6
  Use: Scroll            |       |     1 |       ||     1
       Potion            |       |       |     3 ||     3
 Stab: Sleeping          |     3 |     2 |     7 ||    12
  Eat: Bread ration      |       |     1 |       ||     1
       Royal jelly       |       |       |     2 ||     2
Armor: Robe              |       |     2 |     1 ||     3
Dodge: Dodged            |       |    31 |    38 ||    69
